 Dungeon Crawl Stone Soup version 0.31-a0-435-g2c6fae2916 (webtiles) character file.

Game seed: 4918522247960639450

17 CraigForest the Slasher (level 2, -1/25 HPs)
             Began as a Minotaur Gladiator on Aug 2, 2023.
             Slain by Terence
             ... wielding a +0 morningstar
              (10 damage)
             ... on level 2 of the Dungeon.
             The game lasted 00:02:19 (351 turns).

CraigForest the Slasher (Minotaur Gladiator)         Turns: 351, Time: 00:02:20

Health: -1/25      AC:  3    Str: 18    XL:     2   Next: 44%
Magic:  1/1        EV: 12    Int:  5    God:
Gold:   52         SH:  0    Dex: 11    Spells: 1/1 levels left

rFire   . . .        a - +0 long sword
rCold   . . .        (no shield)
rNeg    . . .        b - +0 leather armour
rPois   .            c - +0 hat
rElec   .            (no cloak)
rCorr   .            (no gloves)
SInv    .            (no boots)
Will    .....        (no amulet)
Stlth   +            (no ring)
HPRegen 0.24/turn    (no ring)
MPRegen 0.07/turn

%: no passive effects
@: no status effects
A: horns 2, retaliatory headbutt
a: no special abilities


You were on level 2 of the Dungeon.
You visited 1 branch of the dungeon, and saw 2 of its levels.

You collected 52 gold pieces.

Inventory:

Hand Weapons
 a - a +0 long sword (weapon)
Missiles
 d - 2 throwing nets (quivered)
 e - a javelin
Armour
 b - a +0 leather armour (worn)
 c - a +0 hat (worn)
Scrolls
 j - a scroll of fog {unknown}
 k - a scroll of immolation {unknown}
 l - a scroll of teleportation {unknown}
Potions
 f - a potion of curing {unknown}
 g - a potion of lignification {unknown}
 h - a potion of degeneration {unknown}
 i - 2 potions of heal wounds {unknown}


   Skills:
 + Level 2.4 Fighting
 + Level 4.3 Long Blades
 + Level 2.0 Throwing
 + Level 0.1 Armour
 + Level 3.6 Dodging


You had one spell level left.
You didn't know any spells.
Your spell library contained the following spells:

 Spells                   Type           Power      Damage    Failure   Level
 Cigotuvi's Dreadful Rot  Necr/Pois/Air  0%         N/A       67%         2
 Dispel Undead            Necr           0%         3d6       99%         4
 Death Channel            Necr           0%         N/A       100%        6


Dungeon Overview and Level Annotations

Branches:
Dungeon (2/15)

Altars:
Kikubaaqudgha

Annotations:
D:2 Terence


Innate Abilities, Weirdness & Mutations

You have a pair of horns on your head.
You reflexively headbutt those who attack you in melee.


Message History

You closely miss the hobgoblin. You headbutt the hobgoblin.
The hobgoblin is moderately wounded.
The hobgoblin hits you.
You closely miss the hobgoblin.
The hobgoblin is moderately wounded.
The hobgoblin hits you.
You hit the hobgoblin.
You kill the hobgoblin!
You hit the goblin but do no damage. The goblin hits you but does no damage.
You completely miss the goblin. You headbutt the goblin.
You kill the goblin!
Terence hits you with a +0 morningstar.
You hit Terence. You headbutt Terence.
Terence is moderately wounded.
Terence hits you with a +0 morningstar!
* * * LOW HITPOINT WARNING * * *
Throw: 3 throwing nets
Press: ? - help, Q - select action, (/) - cycle Shift-Dir - straight line, f - Terence
Aim: Terence, wielding a +0 morningstar and wearing a +0 chain mail of cold resistance (moderately wounded, 62% to hit)
You throw a throwing net. The throwing net hits Terence.
Terence is caught in the net!
Terence is moderately wounded.
Terence struggles against the net.
You hit Terence but do no damage. You headbutt Terence, but do no damage.
Terence is moderately wounded.
Terence struggles against the net.
You hit Terence but do no damage.
Terence is moderately wounded.
Terence struggles against the net.
You hit Terence. You headbutt Terence, but do no damage.
Terence is moderately wounded.
Terence struggles against the net.
You hit Terence. You punch Terence.
Terence is heavily wounded.
Terence struggles against the net.
The net rips apart, and Terence comes free!
You hit Terence but do no damage.
Terence is heavily wounded.
Terence barely misses you. Terence hits you with a +0 morningstar!
You die...

....# #.## ....#
#.... ...##.....
###......... .
........... ..>
#.........
<....######.#...#
........@@......#
......#######...#
...#. #...# . ..
##### .. ). .


You could see Terence.

Vanquished Creatures
  2 giant cockroaches (D:1)
  2 hobgoblins (D:2)
  A quokka (D:1)
  2 ball pythons (D:1)
  A frilled lizard (D:2)
  5 goblins
  A kobold (D:1)
  2 rats (D:1)
16 creatures vanquished.

Notes
Turn   | Place    | Note
-------+----------+-------------------------------------------
     0 | D:1      | CraigForest the Minotaur Gladiator began the quest for the
                  | Orb.
     0 | D:1      | Reached XP level 1. HP: 18/18 MP: 0/0
    54 | D:1      | Found an ancient bone altar of Kikubaaqudgha.
   154 | D:1      | Reached skill level 4 in Long Blades
   179 | D:1      | Reached XP level 2. HP: 25/25 MP: 1/1
   312 | D:1      | You fall into a shaft and drop 1 floor!
   324 | D:2      | Noticed Terence
   351 | D:2      | Slain by Terence

Illustrated notes

Levels and vault maps discovered:
D:1:      sevenhm_arrival_forest_fort_small_3, layout_basic,
          shapermc_ecumenical_altar_notcrosses, minmay_hexomino_r4
D:2:      layout_rooms, kennysheep_generic_room_7, uniq_natasha, uniq_robin,
          uniq_terence

Skill      XL: |  1 |
---------------+----+-----
Long Blades    | 4 |  4.3
Fighting       | |  2.4
Throwing       | |  2.0
Armour         | |  0.1
Dodging        | |  3.6

Action                     || total
---------------------------++-------
  Melee: Long sword        ||    33
         Headbutt          ||     8
         Punch             ||     1
  Throw: Throwing net      ||     1
 Armour: Leather armour    ||     8
  Dodge: Dodged            ||    11

Table legend: (Time is in decaauts)
 A = Elapsed time spent in this place.
 B = Non-inter-level travel time spent in this place.
 C = Inter-level travel time spent in this place.
 D = Time resting spent in this place.
 E = Time spent auto-exploring this place.
 F = Levels seen in this place.
 G = Mean time per level.
                   A        B        C        D        E       F      G
               +--------+--------+--------+--------+--------+-----+--------+
         Total |    356 |    300 |     56 |      0 |    211 |   2 |  178.0 |
       Dungeon |    356 |    300 |     56 |      0 |    211 |   2 |  178.0 |
               +--------+--------+--------+--------+--------+-----+--------+

Top non-repeatable levels by time:
     D:1: 314 daAuts
     D:2: 42 daAuts
